 Dungeon Crawl Stone Soup version 0.26.1-2-gb8aa6d0cf2 (webtiles) character file.

Game seed: 11857759526670120048

104 Revguard the Chiller (level 4, -13/33 HPs)
             Began as a Demonspawn Ice Elementalist on Mar 3, 2021.
             Mangled by an ogre
             ... wielding a +0 giant club
              (25 damage)
             ... on level 3 of the Dungeon.
             The game lasted 00:09:07 (3065 turns).

Revguard the Chiller (Demonspawn Ice Elementalist)  Turns: 3065, Time: 00:09:07

Health: -13/33     AC: 11    Str: 10    XL:     4   Next: 52%
Magic:  1/8        EV: 12    Int: 16    God:
Gold:   69         SH:  0    Dex: 13    Spells: 1/8 levels left

rFire    + . .     SeeInvis .   j - +2 quarterstaff (spect)
rCold    + . .     Faith    .   (shield currently unavailable)
rNeg     . . .     Spirit   .   a - +1 robe
rPois    .         Reflect  .   (helmet restricted)
rElec    .         Harm     .   g - scarf {rC+ rF+}
rCorr    .         Rampage  .   (no gloves)
Will     .....                  (no boots)
Stlth    +++.......             (no amulet)
HPRegen  0.11/turn              o - ring of stealth
MPRegen  0.11/turn              (no ring)

@: icy armour, frozen ramparts
A: antennae 2, yellow scales 1
a: no special abilities


You were on level 3 of the Dungeon.
You visited 1 branch of the dungeon, and saw 3 of its levels.

You collected 69 gold pieces.

Inventory:

Hand Weapons
 j - a +2 spectral quarterstaff (weapon)
Missiles
 h - 4 datura-tipped darts
Armour
 a - a +1 robe (worn)
 g - a scarf of resistance (worn)
Jewellery
 o - a ring of stealth (left hand)
Wands
 m - a wand of acid (7)
Scrolls
 b - 2 scrolls of magic mapping
 c - 2 scrolls of blinking
 d - a scroll of identify
 i - a scroll of noise {unknown}
 l - a scroll of teleportation {unknown}
 p - a scroll of immolation {unknown}
Potions
 e - 2 potions of lignification
 f - a potion of flight {unknown}
 k - a potion of haste {unknown}
 n - 3 potions of heal wounds


   Skills:
 * Level 1.7 Fighting
 + Level 0.8 Staves
 + Level 2.0 Dodging
 + Level 1.9 Stealth
 + Level 2.7 Spellcasting
 + Level 4.3 Ice Magic
 * Level 0.3 Evocations


You had one spell level left.
You knew the following spells:

 Your Spells              Type           Power        Failure   Level
a - Freeze                Ice            64%          3%          1
b - Frozen Ramparts       Ice            32%          10%         3
c - Ozocubu's Armour      Ice            16%          10%         3

Your spell library contained the following spells:

 Spells                   Type           Power        Failure   Level
 Hailstorm                Conj/Ice       9%           61%         4
 Summon Ice Beast         Ice/Summ       9%           61%         4


Dungeon Overview and Level Annotations

Branches:
Dungeon (3/15)

Altars:
Qazlal


Innate Abilities, Weirdness & Mutations

You have a pair of antennae on your head.
You are partially covered in yellow scales. (AC +2)


Message History

Confirm with . or Enter, or press ? or * to list all spells.
The spell is quite dangerous to cast (10% risk of failure)!
Continue anyway?
Casting: Frozen Ramparts (quite dangerous; 10% risk of failure)
Press: ? - help, Dir - look around, f - activate The walls around you are covered in ice.
The wall freezes the ogre.
Aiming: Freeze (safe; 3% risk of failure)
Press: ? - help, Q - select action, (/) - cycle Shift-Dir - straight line, f - ogre
Aim: an ogre, wielding a +0 giant club (lightly wounded)
You freeze the ogre.
The ogre is lightly wounded.
The wall freezes the ogre.
The ogre hits you with a +0 giant club!!
Ouch! That really hurt!
You hit the ogre.
The ogre is heavily wounded.
The wall freezes the ogre.
The ogre hits you with a +0 giant club!!
Ouch! That really hurt!
You die...

#.#......####'#..#
#.#......# #.#..#
#.#......# #.#..#
#.#......# #.#..#
#.#......# #.#..#
#.##### #.#..# #.#
#'####.#..# #.#
.(.....#..# #@#
.......#..# #O#
.......#..# #.#
..........# #.#
......♣.♣.# #.#
.......)... ♣♣♣
......♣.♣##
...........
#'####♣.♣## ♣
#.......


You could see an ogre.

Vanquished Creatures
  A hound skeleton (D:3)
  An adder (D:3)
  2 oozes
  A worm (D:2)
  A dart slug (D:1)
  4 orcs (D:3)
  2 giant cockroaches (D:1)
  5 goblins
  11 hobgoblins
  4 quokkas
  2 ball pythons (D:1)
  9 bats
  4 frilled lizards
  10 kobolds
  6 rats
63 creatures vanquished.

Vanquished Creatures (others)
  2 plants (D:3)
2 creatures vanquished.

Grand Total: 65 creatures vanquished

Notes
Turn   | Place    | Note
-------+----------+-------------------------------------------
     0 | D:1      | Revguard the Demonspawn Ice Elementalist began the quest
                  | for the Orb.
     0 | D:1      | Reached XP level 1. HP: 13/13 MP: 3/3
   262 | D:1      | Gained mutation: You have a pair of small antennae on your
                  | head. [demonic ancestry]
   262 | D:1      | Reached XP level 2. HP: 13/20 MP: 0/5
   718 | D:1      | Reached skill level 1 in Fighting
  1068 | D:1      | Reached skill level 4 in Ice Magic
  1146 | D:1      | You fall into a shaft and drop 1 floor!
  1162 | D:2      | Gained mutation: You have a pair of antennae on your head.
                  | [demonic ancestry]
  1162 | D:2      | Reached XP level 3. HP: 13/26 MP: 1/6
  1421 | D:2      | Learned a level 3 spell: Frozen Ramparts
  2185 | D:3      | Found a stormy altar of Qazlal.
  2359 | D:3      | Gained mutation: You are partially covered in yellow
                  | scales. (AC +2) [demonic ancestry]
  2359 | D:3      | Reached XP level 4. HP: 32/32 MP: 3/7
  2575 | D:3      | Learned a level 3 spell: Ozocubu's Armour
  3057 | D:3      | Noticed an ogre
  3065 | D:3      | Mangled by an ogre

Illustrated notes

Levels and vault maps discovered:
D:1:      dpeg_arrival_refuge, layout_basic
D:2:      layout_basic
D:3:      layout_basic, grunt_qazlal_clouds, serial_forest,
          infiniplex_forest_pool, infiniplex_forest_lined_2,
          infiniplex_forest_end_2, infiniplex_forest_lined_2,
          infiniplex_forest_straight_4, infiniplex_forest_corner_2,
          infiniplex_forest_clump_small, infiniplex_forest_lined_2

Skill      XL: |  1  2 |
---------------+-------+-----
Fighting       | 1 |  1.7
Dodging        | 2 |  2.0
Ice Magic      | 4 |  4.3
Staves         | |  0.8
Stealth        | |  1.9
Spellcasting   | |  2.7
Evocations     | |  0.3

Action                   |  1- 3 |  4- 6 || total
-------------------------+-------+-------++-------
Melee: Unarmed           |    12 |       ||    12
       Quarterstaff      |    35 |    31 ||    66
 Cast: Freeze            |    45 |     1 ||    46
       Frozen Ramparts   |     1 |     2 ||     3
       Ozocubu's Armour  |       |     1 ||     1
  Use: Scroll            |     8 |       ||     8
       Potion            |     2 |       ||     2
Armor: Robe              |    15 |    13 ||    28
Dodge: Dodged            |    62 |    29 ||    91
